 Seeded DCSS version 0.32-a0-20-ge526923d97 (webtiles) character file.

Game seed: 20240116 (custom seed)

6 muata the Grave Robber (level 1, 13/13 HPs)
             Began as a Vampire Necromancer on Jan 16, 2024.
             Quit the game on level 1 of the Dungeon on Jan 17, 2024.
             The game lasted 00:01:54 (375 turns).

muata the Grave Robber (Vampire Necromancer)         Turns: 375, Time: 00:01:55

Health: 13/13      AC:  2    Str:  7    XL:     1   Next: 75%
Magic:  3/3        EV: 12    Int: 17    God:
Gold:   16         SH:  0    Dex: 14    Spells: 3/4 levels left

rFire   . . .        (no weapon)
rCold   . . .        (no shield)
rNeg    . . .        a - +0 robe
rPois   .            (no helmet)
rElec   .            (no cloak)
rCorr   .            (no gloves)
SInv    +            (no boots)
Will    .....        (no amulet)
Stlth   ++           (no ring)
HPRegen 0.42/turn    (no ring)
MPRegen 0.08/turn

%: no passive effects
@: healing quickly
A: alive, fangs 3, see invisible, vampiric 1
a: Exsanguinate


You were on level 1 of the Dungeon.
You visited 1 branch of the dungeon, and saw 1 of its levels.

You collected 16 gold pieces.

Inventory:

Armour
 a - a +0 robe (worn)
Scrolls
 c - a scroll of identify {unknown}
 d - a scroll of immolation {unknown}
Potions
 b - a potion of magic


   Skills:
 - Level 2.1 Dodging
 - Level 3.0 Stealth
 + Level 2.2 Spellcasting
 + Level 4.6 Necromancy


You had 3 spell levels left.
You knew the following spells:

 Your Spells              Type           Power      Damage    Failure   Level
a - Necrotise             Necr           68%        1d7       3%          1

Your spell library contained the following spells:

 Spells                   Type           Power      Damage    Failure   Level
 Vampiric Draining        Necr           17%        2d7       9%          3
 Animate Dead             Necr           17%        N/A       28%         4
 Curse of Agony           Necr           17%        N/A       63%         5


Dungeon Overview and Level Annotations

Branches:
Dungeon (1/15)

Altars:


Innate Abilities, Weirdness & Mutations

Your natural rate of healing is accelerated.
You have razor-sharp teeth.
You have supernaturally acute eyesight. (SInv)
You are afflicted with vampirism.


Message History

The dead are walking!
Unknown command.
A goblin comes into view. It is wielding a +0 club.
A kobold comes into view. It is wielding a +0 club.
The goblin completely misses you.
You see here 3 stones.
Aiming: Necrotise (safe; 3% risk of failure)
Press: ? - help, Q - select action Shift-Dir - straight line, f - goblin
Aim: a goblin, wielding a +0 club (ally target, chance to affect: 87%)
The goblin writhes in agony.
You kill the goblin!
The dead are walking!
The kobold barely misses your goblin skeleton.
Your goblin skeleton closely misses the kobold.
The kobold hits your goblin skeleton with a +0 club.
Your goblin skeleton hits the kobold but does no damage.
The kobold hits your goblin skeleton with a +0 club.
The kobold hits your goblin skeleton with a +0 club.
Your goblin skeleton barely misses the kobold.
The kobold hits your goblin skeleton with a +0 club.
Your goblin skeleton is destroyed!
You see here a +0 dagger.
Aiming: Necrotise (safe; 3% risk of failure)
Press: ? - help, Q - select action Shift-Dir - straight line, f - kobold
Aim: a kobold, wielding a +0 club (ally target, chance to affect: 87%)
The kobold writhes in agony.
You closely miss the kobold.
The kobold is severely wounded.
The kobold barely misses you.
Your goblin skeleton hits the kobold.
The kobold dies!
Found a scroll labelled VITEMUISISM.
Found a leather armour.
Found an escape hatch in the floor.
d - a scroll labelled VITEMUISISM Your goblin skeleton crumbles into dust!
Found a stone staircase leading down.
Welcome back, muata the Vampire Necromancer.
Game seed: 20240116 (custom seed) Press ? for a list of commands and other information.
Are you sure you want to abandon this character and quit the game? (Confirm with "yes".)

#.#... #)#.# #..# #.#
#)..## ..###.# ######
..#..##....... .....
.###......##.# #...#
..#..#....##.# #...
#....#.##.##.# #..
#....#.##.##.# #.# #
#....#.##.##.###@#.#####
#.......................
#.......#..#######...###
##.........# ......
...........# >.###
#####.##...# .##
#.##...##.# #
#.##......#
####.##.#.####


There were no monsters in sight!

Vanquished Creatures
  An endoplasm (D:1)
  A giant cockroach (D:1)
  2 goblins (D:1)
4 creatures vanquished.

Vanquished Creatures (collateral kills)
  A kobold (D:1)
1 creature vanquished.

Grand Total: 5 creatures vanquished

Notes
Turn   | Place    | Note
-------+----------+-------------------------------------------
     0 | D:1      | muata the Vampire Necromancer began the quest for the Orb.
     0 | D:1      | Reached XP level 1. HP: 13/13 MP: 3/3
   375 | D:1      | Upgraded the game from 0.32-a0-18-g89e19f1974 to
                  | 0.32-a0-20-ge526923d97
   375 | D:1      | Quit the game

Illustrated notes

Levels and vault maps discovered:
D:1:      dpeg_arrival_rhombi, layout_loops_ring

Action                     || total
---------------------------++-------
  Melee: Unarmed           ||     2
         Bite              ||     1
   Cast: Necrotise         ||     7
  Dodge: Dodged            ||     3

Table legend: (Time is in decaauts)
 A = Elapsed time spent in this place.
 B = Non-inter-level travel time spent in this place.
 C = Inter-level travel time spent in this place.
 D = Time resting spent in this place.
 E = Time spent auto-exploring this place.
 F = Levels seen in this place.
 G = Mean time per level.
                   A        B        C        D        E       F      G
               +--------+--------+--------+--------+--------+-----+--------+
         Total |    375 |    375 |      0 |    230 |     94 |   1 |  375.0 |
       Dungeon |    375 |    375 |      0 |    230 |     94 |   1 |  375.0 |
               +--------+--------+--------+--------+--------+-----+--------+

Top non-repeatable levels by time:
     D:1: 375 daAuts
